 Dungeon Crawl Stone Soup version 0.31-a0-750-gfe7b580527 (webtiles) character file.

Game seed: 16458918681841182457

2 cforsyth the Sneak (level 1, -1/20 HPs)
             Began as a Djinni Delver on Sept 14, 2023.
             Slain by a sleepcap (6 damage)
             ... on level 5 of the Dungeon.
             The game lasted 00:00:23 (116 turns).

cforsyth the Sneak (Djinni Delver)                   Turns: 116, Time: 00:00:23

Health: -1/20      AC:  3    Str: 11    XL:     1   Next: 33%
Gold:   11         EV: 12    Int: 11    God:
                   SH:  0    Dex: 14

rFire   + + .        a - +0 falchion
rCold   x . .        (no shield)
rNeg    . . .        b - +0 leather armour
rPois   ∞            (no helmet)
rElec   .            (no cloak)
rCorr   .            (no gloves)
SInv    .            (boots unavailable)
Will    .....        (no amulet)
Stlth   ++           (no ring)
HPRegen 0.23/turn    (no ring)
MPRegen 0.00/turn

%: infuse magic (-2 HP)
@: flying
A: sickness immunity, fire resistance 2, cold vulnerability 1, float, innate
caster, HP casting, extra vitality 1
a: no special abilities


You were on level 5 of the Dungeon.
You visited 1 branch of the dungeon, and saw 1 of its levels.

You collected 11 gold pieces.

Inventory:

Hand Weapons
 a - a +0 falchion (weapon)
Armour
 b - a +0 leather armour (worn)
Wands
 g - a wand of digging (3)
Scrolls
 c - a scroll of fog
 d - a scroll of revelation
 e - a scroll of fear
Potions
 f - a potion of haste


   Skills:
 + Level 3.0 Fighting
 + Level 1.8 Long Blades
 + Level 2.2 Dodging
 + Level 4.1 Stealth You didn't know any spells. Your spell library was empty.

Dungeon Overview and Level Annotations

Branches:
Dungeon (5/15)
 Temple: D:4-7

Altars:


Innate Abilities, Weirdness & Mutations

You are immune to sickness and miasma.
You are immune to poison.
Your flesh is very heat resistant. (rF++)
You are vulnerable to cold. (rC-)
You float through the air rather than walking.
You learn spells naturally, not from books.
Your magical power is your life essence.
You have superior vitality. (+4 MHP)


Message History

You barely miss the orc.
The orc is severely wounded.
The orc hits you with a +0 club.
You hit the orc.
The orc is severely wounded.
The orc hits you with a +0 club.
You hit the orc.
You kill the orc!
No target in view!
No target in view!
No target in view!
No target in view!
No target in view!
HP restored.
Things that are here:
a +0 club; an orc corpse You now have 4 gold pieces.
A scorpion comes into view.
You see here a book of Displacement.
Found 7 gold pieces and a robe.
You now have 11 gold pieces (gained 7).
A sleepcap comes into view.
You hit the sleepcap but do no damage. The sleepcap releases spores at you.
You hit the sleepcap but do no damage. The sleepcap releases spores at you.
You hit the sleepcap but do no damage. The sleepcap releases spores at you.
The sleepcap releases spores at you!
* * * LOW HITPOINT WARNING * * *
You hit the sleepcap.
The sleepcap is lightly damaged.
The sleepcap closely misses you.
You hit the sleepcap but do no damage.
The sleepcap is lightly damaged.
The sleepcap misses you.
You hit the sleepcap but do no damage.
The sleepcap is lightly damaged.
The sleepcap barely misses you.
You hit the sleepcap.
The sleepcap is moderately damaged.
The sleepcap releases spores at you.
You die...

#...# #... #... .... ....
..# .... #.# ..... #.#####
##########
.....######@....###.......s.
..........f......##.........
............................
...........[....#.....##
........#########.....#
####....# #.....### ######
#.......## #.....#..###
#.....##....


You could see a sleepcap.

Vanquished Creatures
  An orc (D:5)
1 creature vanquished.

Notes
Turn   | Place    | Note
-------+----------+-------------------------------------------
     0 | D:5      | cforsyth the Djinni Delver began the quest for the Orb.
     0 | D:5      | Reached XP level 1. HP: 20/20 MP: 0/0
    56 | D:5      | Noticed a scorpion
   100 | D:5      | Noticed a sleepcap
   116 | D:5      | Slain by a sleepcap

Illustrated notes

Levels and vault maps discovered:
D:5:      layout_basic, st_stairs_10

Action                     || total
---------------------------++-------
  Melee: Falchion          ||    11
 Armour: Leather armour    ||     7
  Dodge: Dodged            ||     4

Table legend: (Time is in decaauts)
 A = Elapsed time spent in this place.
 B = Non-inter-level travel time spent in this place.
 C = Inter-level travel time spent in this place.
 D = Time resting spent in this place.
 E = Time spent auto-exploring this place.
 F = Levels seen in this place.
 G = Mean time per level.
                   A        B        C        D        E       F      G
               +--------+--------+--------+--------+--------+-----+--------+
         Total |    118 |    118 |      0 |      0 |     37 |   1 |  118.0 |
       Dungeon |    118 |    118 |      0 |      0 |     37 |   1 |  118.0 |
               +--------+--------+--------+--------+--------+-----+--------+

Top non-repeatable levels by time:
     D:5: 118 daAuts
